 Dungeon Crawl Stone Soup version 0.27.0-1-g7a089689b8 (webtiles) character file.

Game seed: 8989304469988733349

23 horus123 the Slasher (level 2, -2/22 HPs)
             Began as a Demonspawn Gladiator on Aug 16, 2021.
             Slain by an endoplasm (3 damage)
             ... on level 1 of the Dungeon.
             The game lasted 00:01:05 (696 turns).

horus123 the Slasher (Demonspawn Gladiator)          Turns: 696, Time: 00:01:05

Health: -2/22      AC:  4    Str: 14    XL:     2   Next: 75%
Magic:  2/2        EV: 12    Int:  9    God:
Gold:   15         SH:  0    Dex: 16    Spells: 1/1 levels left

rFire    . . .     SeeInvis .   a - +0 long sword
rCold    . . .     Faith    .   (no shield)
rNeg     . . .     Spirit   .   b - +0 leather armour
rPois    .         Reflect  .   c - +0 helmet
rElec    .         Harm     .   (no cloak)
rCorr    .         Rampage  .   (no gloves)
Will     .....                  (no boots)
Stlth    ++........             (no amulet)
HPRegen  0.07/turn              h - ring of wizardry
MPRegen  0.08/turn              (no ring)

@: no status effects
A: thin skeletal structure 1
a: no special abilities


You were on level 1 of the Dungeon.
You visited 1 branch of the dungeon, and saw 1 of its levels.

You collected 15 gold pieces.

Inventory:

Hand Weapons
 a - a +0 long sword (weapon)
Missiles
 d - 3 throwing nets (quivered)
Armour
 b - a +0 leather armour (worn)
 c - a +0 helmet (worn)
 e - a +0 chain mail
Jewellery
 h - a ring of wizardry (left hand)
Scrolls
 g - a scroll of identify {unknown}
Potions
 f - a potion of degeneration {unknown}


   Skills:
 + Level 2.0 Fighting
 + Level 3.1 Long Blades
 + Level 1.8 Throwing
 + Level 0.3 Armour
 + Level 3.0 Dodging
 + Level 0.4 Stealth


You had one spell level left.
You didn't know any spells.
Your spell library was empty.

Dungeon Overview and Level Annotations

Branches:
Dungeon (1/15)

Altars:


Innate Abilities, Weirdness & Mutations

You have a somewhat thin skeletal structure. (Dex +2, Stealth+)


Message History

The hobgoblin barely misses you.
You hit the hobgoblin.
You kill the hobgoblin!
A goblin comes into view. It is wielding a +2 dagger of venom.
The kobold closely misses you.
You slash the kobold!
You kill the kobold!
A bat comes into view.
An endoplasm comes into view.
The bat moves out of view.
An endoplasm comes into view.
The bat hits you but does no damage.
The endoplasm quivers.
You slash the bat!
You kill the bat!
The goblin hits you but does no damage.
You hit the goblin.
You kill the goblin!
You hit the endoplasm.
The endoplasm is severely wounded.
The endoplasm freezes you.
You are frozen.
You hit the endoplasm.
You kill the endoplasm!
The endoplasm freezes you.
You are frozen.
The endoplasm freezes you.
You are frozen.
* * * LOW HITPOINT WARNING * * *
You barely miss the endoplasm. The endoplasm hits you.
* * * LOW HITPOINT WARNING * * *
A ball python comes into view.
You hit the endoplasm.
The endoplasm is lightly wounded.
The endoplasm freezes you.
You are frozen.
* * * LOW HITPOINT WARNING * * *
You hit the endoplasm.
The endoplasm is heavily wounded.
The endoplasm misses you. The endoplasm hits you.
You die...

......#. ........#
........# #.......#
#.......# ######..
....##.
#.....J##.......
#......@).......
#...............
#.....†.).......
#......##.......
#............####
#.....).........+
#...............#
#...#...........# ..
#...#........###...#


You could see an endoplasm.

Vanquished Creatures
  A dart slug (D:1)
  A ball python (D:1)
  4 endoplasms (D:1)
  A giant cockroach (D:1)
  A goblin (D:1)
  A hobgoblin (D:1)
  5 kobolds (D:1)
  2 quokkas (D:1)
  2 bats (D:1)
  A rat (D:1)
19 creatures vanquished.

Notes
Turn   | Place    | Note
-------+----------+-------------------------------------------
     0 | D:1      | horus123 the Demonspawn Gladiator began the quest for the
                  | Orb.
     0 | D:1      | Reached XP level 1. HP: 16/16 MP: 1/1
   574 | D:1      | Gained mutation: You have a somewhat thin skeletal
                  | structure. (Dex +2, Stealth+) [demonic ancestry]
   574 | D:1      | Reached XP level 2. HP: 22/22 MP: 2/2
   695 | D:1      | HP: 1/22 [frozen (5)]
   696 | D:1      | Slain by an endoplasm

Illustrated notes

Levels and vault maps discovered:
D:1:      shiori_arrival_maze, layout_basic

Skill      XL: |  1  2 |
---------------+-------+-----
Dodging        | 3 |  3.0
Long Blades    | 3 |  3.1
Fighting       | |  2.0
Throwing       | |  1.8
Armour         | |  0.3
Stealth        | |  0.4

Action                   || total
-------------------------++-------
Melee: Long sword        ||    30
 Stab: Sleeping          ||     4
Armor: Leather armour    ||     5
Dodge: Dodged            ||     9
       Rpst.: Long sword ||     2
